 Dungeon Crawl Stone Soup version 0.21.1-1-g345015fe64 (webtiles) character file.

199 Bapho the Sneak (level 5, 0/46 HPs)
             Began as a Naga Venom Mage on July 6, 2018.
             Was a Follower of Cheibriados.
             Slain by JarielCorvus's ghost (2 damage)
             ... on level 3 of the Dungeon.
             The game lasted 00:07:21 (3011 turns).

Bapho the Sneak (Naga Venom Mage)                   Turns: 3011, Time: 00:07:22

Health: 0/46       AC:  4    Str: 13    XL:     5   Next: 77%
Magic:  5/8        EV:  9    Int: 19    God:    Cheibriados [*.....]
Gold:   152        SH:  0    Dex: 15    Spells: 2/8 levels left

rFire    . . .     SeeInvis +   u - +0 flail
rCold    . . .     Gourm    .   (no shield)
rNeg     . . .     Faith    .   s - +0 ring mail
rPois    +         Spirit   .   (no helmet)
rElec    .         Reflect  .   (no cloak)
rCorr    .         Harm     .   (no gloves)
MR       .....                  (no barding)
Stlth    ++........             (no amulet)
HPRegen  0.15/turn              (no ring)
MPRegen  0.11/turn              (no ring)

@: very slightly contaminated, invisible, very slow
A: large, see invisible, deformed body, poison resistance, slowness 2, slow
metabolism 1, spit poison 1, AC +1
a: Spit Poison, Bend Time, Renounce Religion


You were on level 3 of the Dungeon.
You worshipped Cheibriados.
Cheibriados was aware of your devotion.
You were not hungry.

You visited 1 branch of the dungeon, and saw 3 of its levels.

You collected 152 gold pieces.

Inventory:

Hand Weapons
 i - a +0 dagger
 l - a +2 dagger of flaming
 r - a -2 war axe
 u - a +0 flail (weapon)
Missiles
 j - 10 tomahawks (quivered)
Armour
 a - a +0 robe
 s - a +0 ring mail (worn)
Jewellery
 m - an uncursed ring of see invisible {unknown}
Scrolls
 d - a scroll of amnesia {unknown}
 e - a scroll of blinking
 f - a scroll of enchant armour {unknown}
 h - a scroll of teleportation
 o - a scroll of identify
 q - a scroll of remove curse
Potions
 g - a potion of resistance
 p - a potion of lignification
Books
 b - a Young Poisoner's Handbook

   Spells                             Type                      Level
   a - Sting                          Conjuration/Poison           1
   b - Poisonous Vapours              Poison/Air                   2
   c - Mephitic Cloud                 Conjuration/Poison/Air       3
   d - Olgreb's Toxic Radiance        Poison                       4
   e - Venom Bolt                     Conjuration/Poison           5
 k - a book of Misfortune

   Spells                             Type                      Level
   a - Confusing Touch                Hexes                        1
   b - Confuse                        Hexes                        3
   c - Gell's Gravitas                Translocation                3
   d - Petrify                        Transmutation/Earth          4
   e - Metabolic Englaciation         Hexes/Ice                    5
   f - Yara's Violent Unravelling     Hexes/Transmutation          5
Comestibles
 c - 3 rations


   Skills:
 + Level 2.6 Fighting
 * Level 2.1 Dodging
 - Level 5.7 Stealth
 - Level 2.3 Spellcasting
 - Level 1.6 Conjurations
 - Level 4.8 Poison Magic


You had 2 spell levels left.
You knew the following spells:

 Your Spells              Type           Power        Failure   Level  Hunger
a - Sting                 Conj/Pois      ##..         10%         1    #......
b - Poisonous Vapours     Pois/Air       ##....       21%         2    ##.....
c - Mephitic Cloud        Conj/Pois/Air  ##......     41%         3    ###....


Dungeon Overview and Level Annotations

Branches:
Dungeon (3/15)

Altars:
Cheibriados
Okawaru

Annotations:
D:3 JarielCorvus's ghost, amateur DEFE


Innate Abilities, Weirdness & Mutations

You cannot wear boots.
Your serpentine skin is tough. (AC +1)
You have supernaturally acute eyesight. (SInv)
Armour fits poorly on your strangely shaped body.
Your system is resistant to poisons. (rPois)
You cover ground very slowly.
You have a slow metabolism.
You can spit poison.


Message History

The bat hits you.
JarielCorvus's ghost casts a spell at you.
The flame tongue hits you!
* * * LOW HITPOINT WARNING * * *
You barely miss JarielCorvus's ghost.
JarielCorvus's ghost is lightly damaged.
The bat closely misses you. The bat hits you but does no damage.
JarielCorvus's ghost whispers, "You will understand me better in a moment."
JarielCorvus's ghost hits you.
* * * LOW HITPOINT WARNING * * *
You fade into invisibility!
JarielCorvus's ghost barely misses you. The bat hits you but does no damage.
You are very lightly contaminated with residual magic.
You hit the bat.
The bat is severely wounded.
The bat hits you but does no damage. JarielCorvus's ghost hits you.
* * * LOW HITPOINT WARNING * * *
JarielCorvus's ghost whispers, "Death is liberation."
JarielCorvus's ghost hits you.
You die...

# #..#........### #.
#.)#..........#
#.##.............#
#................#
#................!
#####.##.........(....
#.....................
+....†###)....<......g
#....W@.....#.........
#.....###b..#....#....
#..........>.....#'#'#
#.................. .
+....#.....###.#....
#....#.......#....... .
#.........##.#.###'#...
#......##.# .#.# ..
#...##...##... ...####.


You could see JarielCorvus's ghost and a bat.

Vanquished Creatures
  An orc wizard (D:3)
  Natasha (twice) (D:2)
  5 adders
  2 oozes
  A worm (D:2)
  4 dart slugs
  A leopard gecko (D:3)
  4 orcs (D:3)
  A giant cockroach (D:2)
  8 goblins
  6 hobgoblins
  4 kobolds
  A quokka (D:2)
  A ball python (D:1)
  6 bats
  4 frilled lizards
  10 rats
61 creatures vanquished.

Notes
Turn   | Place    | Note
-------+----------+-------------------------------------------
     0 | D:1      | Bapho the Naga Venom Mage began the quest for the Orb.
     0 | D:1      | Reached XP level 1. HP: 15/15 MP: 3/3
   296 | D:1      | Reached XP level 2. HP: 11/22 MP: 0/5
   932 | D:1      | Learned a level 2 spell: Poisonous Vapours
  1028 | D:2      | Reached XP level 3. HP: 28/28 MP: 1/6
  1247 | D:2      | Reached skill level 4 in Stealth
  1371 | D:2      | Found a snail-covered altar of Cheibriados.
  1380 | D:2      | Became a worshipper of Cheibriados the Contemplative
  1410 | D:2      | Reached skill level 1 in Fighting
  1410 | D:2      | Reached XP level 4. HP: 34/38 MP: 0/7
  1606 | D:2      | Learned a level 3 spell: Mephitic Cloud
  1616 | D:2      | Found an iron altar of Okawaru.
  1749 | D:2      | Noticed Natasha
  1753 | D:2      | Killed Natasha
  1945 | D:2      | Reached skill level 5 in Stealth
  2161 | D:2      | Noticed Natasha
  2168 | D:2      | Killed Natasha
  2168 | D:2      | Reached XP level 5. HP: 35/45 MP: 0/8
  2358 | D:3      | Reached * piety under Cheibriados
  2598 | D:3      | Noticed JarielCorvus's ghost (amateur DEFE)
  3011 | D:3      | HP: 2/46 [JarielCorvus's ghost (4)]
  3011 | D:3      | Slain by JarielCorvus's ghost

Skill      XL: |  1  2  3  4  5 |
---------------+----------------+-----
Stealth        | 4 5 |  5.7
Fighting       | 1 2 |  2.6
Dodging        | 2 |  2.1
Spellcasting   | |  2.3
Conjurations   | |  1.6
Poison Magic   | |  4.8

Action                   |  1- 3 |  4- 6 || total
-------------------------+-------+-------++-------
Melee: Dagger            |    28 |    29 ||    57
       Flail             |       |    11 ||    11
       War axe           |       |     5 ||     5
Throw: Tomahawk          |     5 |     4 ||     9
 Cast: Sting             |    37 |    25 ||    62
       Poisonous Vapours |     6 |    22 ||    28
 Abil: Spit Poison       |       |     1 ||     1
  Use: Scroll            |       |     6 ||     6
       Potion            |       |     1 ||     1
 Stab: Sleeping          |       |     3 ||     3
  Eat: Chunk             |     2 |     5 ||     7
Armor: Robe              |     7 |     1 ||     8
       Ring mail         |       |    23 ||    23
Dodge: Dodged            |    21 |    25 ||    46
